 Dungeon Crawl Stone Soup version 0.27.1-16-g815e20cd7a (webtiles) character file.

Game seed: 2258528105102118594

7 riftmaster1123 the Gusty (level 1, -1/14 HPs)
             Began as a Demigod Air Elementalist on Nov 21, 2021.
             Succumbed to a hobgoblin's poison
             ... on level 2 of the Dungeon.
             The game lasted 00:02:53 (326 turns).

riftmaster1123 the Gusty (Demigod Air Elementalist)  Turns: 326, Time: 00:02:54

Health: -1/14      AC:  2    Str:  9    XL:     1   Next: 66%
Magic:  1/5        EV: 12    Int: 17    God:
Gold:   15         SH:  0    Dex: 14    Spells: 2/3 levels left

rFire    . . .     SeeInvis .   i - +0 war axe
rCold    . . .     Faith    .   (no shield)
rNeg     . . .     Spirit   .   a - +0 robe
rPois    .         Reflect  .   (no helmet)
rElec    .         Harm     .   (no cloak)
rCorr    .         Rampage  .   (no gloves)
Will     .....                  (no boots)
Stlth    ++........             (no amulet)
HPRegen  0.04/turn              (no ring)
MPRegen  0.09/turn              (no ring)

@: lethally poisoned (-1 -> -12)
A: high mp 1, forlorn
a: no special abilities


You were on level 2 of the Dungeon.
You visited 1 branch of the dungeon, and saw 2 of its levels.

You collected 15 gold pieces.

Inventory:

Hand Weapons
 i - a +0 war axe (weapon)
Missiles
 e - 9 stones
Armour
 a - a +0 robe (worn)
 d - a +0 leather armour
 f - a +0 ring mail
Magical Staves
 c - a staff of air
Scrolls
 b - a scroll of holy word {unknown}
 g - a scroll of enchant armour {unknown}
Potions
 h - 2 potions of resistance {unknown}


   Skills:
 + Level 1.7 Dodging
 + Level 1.9 Stealth
 + Level 1.9 Spellcasting
 + Level 0.8 Conjurations
 + Level 2.9 Air Magic


You had 2 spell levels left.
You knew the following spells:

 Your Spells              Type           Power      Damage    Failure   Level
a - Shock                 Conj/Air       32%        1d5       9%          1

Your spell library contained the following spells:

 Spells                   Type           Power      Damage    Failure   Level
 Static Discharge         Conj/Air       8%         N/A       14%         2
 Swiftness                Air            11%        N/A       17%         3
 Airstrike                Air            5%         N/A       50%         4


Dungeon Overview and Level Annotations

Branches:
Dungeon (2/15)


Innate Abilities, Weirdness & Mutations

Your attributes grow dramatically as you level up.
You have an increased reservoir of magic. (+10% MP)
You shall have no god before yourself.


Message History

The zap misses the ball python.
The zap hits the quokka.
The quokka is severely wounded.
You feel sick. The ball python bites you. The ball python closely misses you.
Casting: Shock (safe; 9% risk of failure)
Confirm with . or Enter, or press ? or * to list all spells.
Aiming: Shock (safe; 9% risk of failure)
Press: ? - help, Shift-Dir - straight line, f/p - ball python
Aim: a ball python (64% to hit)
The zap hits the ball python.
You kill the ball python!
You feel sick.
You hit the quokka.
The quokka is almost dead.
You feel sick. The quokka misses you. The quokka completely misses you.
The hobgoblin throws a poisoned dart.
The poisoned dart misses you.
You barely miss the quokka.
The quokka is almost dead.
You feel sick. The quokka closely misses you. The quokka bites you.
* * * LOW HITPOINT WARNING * * *
The hobgoblin throws a poisoned dart.
The poisoned dart misses you.
Casting: Shock (safe; 9% risk of failure)
Confirm with . or Enter, or press ? or * to list all spells.
Aiming: Shock (safe; 9% risk of failure)
Press: ? - help, Shift-Dir - straight line, f - hobgoblin
Aim: a hobgoblin, quivering poisoned darts (68% to hit)
The zap hits the hobgoblin.
The hobgoblin is heavily wounded.
You feel sick.
You are no longer poisoned.
The quokka barely misses you.
The hobgoblin throws a poisoned dart.
The poisoned dart hits you!
You are lethally poisoned!
Casting: Shock (safe; 9% risk of failure)
Confirm with . or Enter, or press ? or * to list all spells.
Aiming: Shock (safe; 9% risk of failure)
Press: ? - help, Shift-Dir - straight line, f/p - hobgoblin
Aim: a hobgoblin, quivering poisoned darts (heavily wounded, 68% to hit)
The zap hits the hobgoblin.
The hobgoblin is severely wounded.
You die...

#######'## #.# ..#
#.# #.#
#####.#####.######.#
..............>...#
<..#####.########
#####.#####'#########
#....................
#.....##.............
#..r@.##.............
#..)..##.............
#.....###############
#.g...# .......#
.........# .........#
.........# ..........


You could see a quokka and a hobgoblin.

Vanquished Creatures
  A bat (D:1)
  A goblin (D:2)
  A hobgoblin (D:1)
  2 ball pythons
  A rat (D:1)
6 creatures vanquished.

Notes
Turn   | Place    | Note
-------+----------+-------------------------------------------
     0 | D:1      | riftmaster1123 the Demigod Air Elementalist began the quest
                  | for the Orb.
     0 | D:1      | Reached XP level 1. HP: 14/14 MP: 5/5
   249 | D:1      | You fall into a shaft and drop 1 floor!
   326 | D:2      | Succumbed to a hobgoblin's poison

Illustrated notes

Levels and vault maps discovered:
D:1:      lemuel_arrival_behind_the_door_large, layout_rooms
D:2:      layout_basic, hellmonk_ecumenical_altar_watching_god, serial_shops,
          shop, hangedman_abyss_or_decor_stabs, minivault_27, minmay_domino_4

Action                   || total
-------------------------++-------
Melee: War axe           ||     5
 Cast: Shock             ||    12
Dodge: Dodged            ||    10
